ORI
ARIZONA STATE UNIVERSITY SUN DEVILS @ UNIVERSITY OF GEORGIA BULLDOGS
11/19/2047
 
TOP OF THE 1ST
University of Maine Black Bears batting - Pitching for University of Nebraska Cornhuskers : RHP Santos Arevalo
Pitching: RHP Santos Arevalo
Batting: RHB Frank Gould 0-0: Called Strike
0-1: Ball
1-1: Foul Ball, location: 2F
1-2: Ball
2-2: Ball
3-2: Strikes out swinging
Batting: LHB John Bergeron 0-0: Foul Ball, location: 2F
0-1: Ball
1-1: Swinging Strike
1-2: Strikes out swinging
Batting: RHB Rewa Havika 0-0: Ball
1-0: Ball
2-0: Ball
3-0: Called Strike
3-1: Base on Balls
Batting: LHB John Knox 0-0: Ball
1-0: Ball
Rewa Havika is caught stealing 2nd base 2-6
Top of the 1st over - 0 runs, 0 hits, 0 errors, 0 left on base; University of Maine 0 - University of Nebraska 0
BOTTOM OF THE 1ST
University of Nebraska Cornhuskers batting - Pitching for University of Maine Black Bears : LHP Al Sisneros
Pitching: LHP Al Sisneros
Batting: LHB Stu Proulx 0-0: Ball
1-0: Ball
2-0: Called Strike
2-1: Foul Ball, location: 2F
2-2: Foul Ball, location: 2F
2-2: Fly out, F8 (Flyball, 89S, EV 90.6 MPH)
Batting: RHB Aidan Collet 0-0: Ball
1-0: Foul Ball, location: 2F
1-1: Fly out, F9 (Flyball, 9D, EV 93.1 MPH)
Batting: RHB Tariq Garane 0-0: Ball
1-0: Foul Ball, location: 2F
1-1: Ground out 6-3 (Groundball, 6, EV 98.1 MPH)
Bottom of the 1st over - 0 runs, 0 hits, 0 errors, 0 left on base; University of Maine 0 - University of Nebraska 0
TOP OF THE 2ND
University of Maine Black Bears batting - Pitching for University of Nebraska Cornhuskers : RHP Santos Arevalo
Batting: LHB John Knox 0-0: Ball
1-0: Called Strike
1-1: Called Strike
1-2: Ball
2-2: Strikes out swinging
Batting: RHB Justin Degon 0-0: Called Strike
0-1: Ball
1-1: Ground out 1-3 (Groundball, 34S, EV 68.1 MPH)
Batting: RHB Geoffrey Gonzalez 0-0: Ball
1-0: Fly out, F8 (Flyball, 8RM, EV 91.2 MPH)
Top of the 2nd over - 0 runs, 0 hits, 0 errors, 0 left on base; University of Maine 0 - University of Nebraska 0
BOTTOM OF THE 2ND
University of Nebraska Cornhuskers batting - Pitching for University of Maine Black Bears : LHP Al Sisneros
Batting: RHB Chris Anthony 0-0: Ball
1-0: Swinging Strike
1-1: Ground out 6-3 (Groundball, 6, EV 80.6 MPH)
Batting: RHB Danny Forbes 0-0: Ball
1-0: Ball
2-0: Ball
3-0: Base on Balls
Batting: LHB Avicenna Abdul-Muta'al 0-0: Foul Ball, location: 2F
0-1: Ball
1-1: Called Strike
1-2: Ball
2-2: Ball
3-2: Fielders Choice at 2nd, 4-6 (Groundball, 4, EV 101.2 MPH)
Batting: RHB Jason Blakeley 0-0: Called Strike
0-1: Ball
1-1: Swinging Strike
1-2: Foul Ball, location: 2F
1-2: Strikes out looking
Bottom of the 2nd over - 0 runs, 0 hits, 0 errors, 1 left on base; University of Maine 0 - University of Nebraska 0
TOP OF THE 3RD
University of Maine Black Bears batting - Pitching for University of Nebraska Cornhuskers : RHP Santos Arevalo
Batting: RHB Wang Huan 0-0: Ground out 4-3 (Groundball, 34, EV 103.8 MPH)
Batting: RHB Bryan Douglas 0-0: Called Strike
0-1: Ball
1-1: Foul Ball, location: 2F
1-2: Strikes out swinging, 2-3 out at first.
Batting: RHB Julio Villanueva 0-0: Foul Ball, location: 2F
0-1: Swinging Strike
0-2: Strikes out looking
Top of the 3rd over - 0 runs, 0 hits, 0 errors, 0 left on base; University of Maine 0 - University of Nebraska 0
BOTTOM OF THE 3RD
University of Nebraska Cornhuskers batting - Pitching for University of Maine Black Bears : LHP Al Sisneros
Batting: LHB Lupe Garcia 0-0: Foul Ball, location: 2F
0-1: Ball
1-1: Ball
2-1: Foul Ball, location: 2F
2-2: Ball
3-2: Foul Ball, location: 2F
3-2: SINGLE (Groundball, 6D, EV 105.0 MPH)
Batting: RHB Will England 0-0: Ball
1-0: Swinging Strike
1-1: Foul Ball, location: 2F
1-2: Grounds into double play, 5-4-3 (Groundball, 25, EV 88.1 MPH)
Batting: LHB Stu Proulx 0-0: Called Strike
0-1: SINGLE (Line Drive, 56, EV 103.8 MPH)
Batting: RHB Aidan Collet 0-0: Called Strike
0-1: Swinging Strike
0-2: Ball
Stu Proulx steals 2nd base
1-2: Strikes out swinging
Bottom of the 3rd over - 0 runs, 2 hits, 0 errors, 1 left on base; University of Maine 0 - University of Nebraska 0
TOP OF THE 4TH
University of Maine Black Bears batting - Pitching for University of Nebraska Cornhuskers : RHP Santos Arevalo
Batting: RHB Frank Gould 0-0: Reached on error, E4 (Groundball, 4, EV 83.1 MPH)
Batting: LHB John Bergeron 0-0: Ball
1-0: Ball
2-0: Called Strike
2-1: Foul Ball, location: 2F
2-2: Strikes out swinging
Batting: RHB Rewa Havika 0-0: Ball
Frank Gould is caught stealing 2nd base 2-4
1-0: Ball
2-0: Called Strike
2-1: Swinging Strike
2-2: Strikes out swinging
Top of the 4th over - 0 runs, 0 hits, 1 error, 0 left on base; University of Maine 0 - University of Nebraska 0
BOTTOM OF THE 4TH
University of Nebraska Cornhuskers batting - Pitching for University of Maine Black Bears : LHP Al Sisneros
Batting: RHB Tariq Garane 0-0: Ball
1-0: Ball
2-0: Ball
3-0: Base on Balls
Batting: RHB Chris Anthony 0-0: Called Strike
0-1: Ball
1-1: Fielders Choice at 2nd, 6-4 (Groundball, 6, EV 80.0 MPH)
Batting: RHB Danny Forbes 0-0: Called Strike
0-1: Grounds into double play, 6-4-3 (Groundball, 6D, EV 105.6 MPH)
Bottom of the 4th over - 0 runs, 0 hits, 0 errors, 0 left on base; University of Maine 0 - University of Nebraska 0
TOP OF THE 5TH
University of Maine Black Bears batting - Pitching for University of Nebraska Cornhuskers : RHP Santos Arevalo
Batting: LHB John Knox 0-0: Called Strike
0-1: Ball
1-1: Called Strike
1-2: Ground out 3-1 (Groundball, 13, EV 86.2 MPH)
Batting: RHB Justin Degon 0-0: Ball
1-0: Swinging Strike
1-1: Swinging Strike
1-2: Ball
2-2: Foul Ball, location: 2F
2-2: Ground out 5-3 (Groundball, 56, EV 80.6 MPH)
Batting: RHB Geoffrey Gonzalez 0-0: Called Strike
0-1: Foul Ball, location: 2F
0-2: Strikes out looking
Top of the 5th over - 0 runs, 0 hits, 0 errors, 0 left on base; University of Maine 0 - University of Nebraska 0
BOTTOM OF THE 5TH
University of Nebraska Cornhuskers batting - Pitching for University of Maine Black Bears : LHP Al Sisneros
Batting: LHB Avicenna Abdul-Muta'al 0-0: Ball
1-0: Foul Ball, location: 2F
1-1: Ball
2-1: Foul Ball, location: 2F
2-2: Fly out, F8 (Line Drive, 8LM, EV 90.0 MPH)
Batting: RHB Jason Blakeley 0-0: Swinging Strike
0-1: Foul Ball, location: 2F
0-2: Ball
1-2: Ball
2-2: Ball
3-2: Foul Ball, location: 2F
3-2: Foul Ball, location: 2F
3-2: Ground out 6-3 (Groundball, 6MS, EV 86.9 MPH)
Batting: LHB Lupe Garcia 0-0: Called Strike
0-1: Ball
1-1: SOLO HOME RUN (Flyball, 89XD, EV 102.5 MPH), Distance : 417 ft
Batting: RHB Will England 0-0: Called Strike
0-1: Swinging Strike
0-2: Strikes out swinging
Bottom of the 5th over - 1 run, 1 hit, 0 errors, 0 left on base; University of Maine 0 - University of Nebraska 1
TOP OF THE 6TH
University of Maine Black Bears batting - Pitching for University of Nebraska Cornhuskers : RHP Santos Arevalo
Batting: RHB Wang Huan 0-0: Called Strike
0-1: Ground out 1-3 (Groundball, 34S, EV 66.9 MPH)
Batting: RHB Bryan Douglas 0-0: Foul Ball, location: 2F
0-1: Swinging Strike
0-2: Foul Ball, location: 2F
0-2: Ball
1-2: Ball
2-2: Strikes out looking
Batting: RHB Julio Villanueva 0-0: Called Strike
0-1: Swinging Strike
0-2: Foul Ball, location: 2F
0-2: Ball
1-2: Foul Ball, location: 2F
1-2: Ball
2-2: Strikes out looking
Top of the 6th over - 0 runs, 0 hits, 0 errors, 0 left on base; University of Maine 0 - University of Nebraska 1
BOTTOM OF THE 6TH
University of Nebraska Cornhuskers batting - Pitching for University of Maine Black Bears : LHP Al Sisneros
Pitching: LHP Preston Harbold
Batting: LHB Stu Proulx 0-0: Ground out 3-1 (Groundball, 34, EV 101.9 MPH)
Batting: RHB Aidan Collet 0-0: Ground out 4-3 (Groundball, 4, EV 103.1 MPH)
Batting: RHB Tariq Garane 0-0: Called Strike
0-1: Ball
1-1: Foul Ball, location: 2F
1-2: Strikes out swinging
Bottom of the 6th over - 0 runs, 0 hits, 0 errors, 0 left on base; University of Maine 0 - University of Nebraska 1
TOP OF THE 7TH
University of Maine Black Bears batting - Pitching for University of Nebraska Cornhuskers : RHP Santos Arevalo
Batting: RHB Frank Gould 0-0: Called Strike
0-1: Ball
1-1: Foul Ball, location: 2F
1-2: Strikes out looking
Batting: LHB John Bergeron 0-0: Ball
1-0: Foul Ball, location: 2F
1-1: Called Strike
1-2: Foul Ball, location: 2F
1-2: Ball
2-2: Foul Ball, location: 2F
2-2: Foul Ball, location: 2F
2-2: Foul Ball, location: 2F
2-2: Ball
3-2: Foul Ball, location: 2F
3-2: Strikes out swinging
Batting: RHB Rewa Havika 0-0: Called Strike
0-1: Foul Ball, location: 2F
0-2: Fly out, F5 (Popup, 5F, EV 63.1 MPH)
Top of the 7th over - 0 runs, 0 hits, 0 errors, 0 left on base; University of Maine 0 - University of Nebraska 1
BOTTOM OF THE 7TH
University of Nebraska Cornhuskers batting - Pitching for University of Maine Black Bears : LHP Preston Harbold
Batting: RHB Chris Anthony 0-0: Ball
1-0: Swinging Strike
1-1: Swinging Strike
1-2: Strikes out swinging, 2-3 out at first.
Batting: RHB Danny Forbes 0-0: Ball
1-0: Called Strike
1-1: Called Strike
1-2: Foul Ball, location: 2F
1-2: Ball
2-2: Ball
3-2: Strikes out looking
Batting: LHB Avicenna Abdul-Muta'al 0-0: Fly out, F7 (Flyball, 7D, EV 98.1 MPH)
Bottom of the 7th over - 0 runs, 0 hits, 0 errors, 0 left on base; University of Maine 0 - University of Nebraska 1
TOP OF THE 8TH
University of Maine Black Bears batting - Pitching for University of Nebraska Cornhuskers : RHP Santos Arevalo
Batting: LHB John Knox 0-0: Ball
1-0: Ball
2-0: Called Strike
2-1: Ball
3-1: Foul Ball, location: 2F
3-2: Strikes out swinging
Batting: RHB Justin Degon 0-0: Foul Ball, location: 2F
0-1: Ground out 4-3 (Groundball, 34, EV 86.2 MPH)
Pinch Hitting: LHB Ed Leighton 0-0: Ball
1-0: Called Strike
1-1: Ball
2-1: Swinging Strike
2-2: Strikes out swinging
Top of the 8th over - 0 runs, 0 hits, 0 errors, 0 left on base; University of Maine 0 - University of Nebraska 1
BOTTOM OF THE 8TH
University of Nebraska Cornhuskers batting - Pitching for University of Maine Black Bears : LHP Preston Harbold
Pitching: RHP Tom Neft
Now at SS: Dave MacAulay
Batting: RHB Jason Blakeley 0-0: Foul Ball, location: 2F
0-1: SINGLE (Groundball, P, EV 88.8 MPH) (infield hit)
Batting: LHB Lupe Garcia 0-0: Bunted foul
0-1: Bunt missed!
0-2: Foul Ball, location: 2F
0-2: Ball
Wild Pitch!
Jason Blakeley to second
1-2: Ball
2-2: Reached on error, E4 (Groundball, 4, EV 98.8 MPH)
Jason Blakeley to third
Batting: RHB Will England 0-0: Called Strike
0-1: Swinging Strike
0-2: Ball
1-2: Ball
2-2: Strikes out looking
Batting: LHB Stu Proulx 0-0: Ball
1-0: Ball
2-0: Ball
3-0: Base on Balls
Lupe Garcia to second
Batting: RHB Aidan Collet 0-0: Ball
1-0: Ball
2-0: Ball
3-0: Base on Balls
Jason Blakeley scores
Lupe Garcia to third
Stu Proulx to second
Batting: RHB Tariq Garane 0-0: Swinging Strike
0-1: Foul Ball, location: 2F
0-2: Ball
1-2: DOUBLE (Flyball, 78D, EV 95.6 MPH)
Lupe Garcia scores
Stu Proulx scores
Aidan Collet to third
Runner from 3rd tries for Home, SAFE, throw by CF to home
Pitching: LHP Garrett Strobel
Batting: RHB Chris Anthony 0-0: SINGLE (Groundball, 56S, EV 71.2 MPH) (infield hit)
Tariq Garane to third
Batting: RHB Danny Forbes 0-0: Called Strike
0-1: Ball
Chris Anthony steals 2nd base
1-1: Ball
2-1: Ball
3-1: Foul Ball, location: 2F
3-2: Strikes out looking
Batting: LHB Avicenna Abdul-Muta'al 0-0: Ball
1-0: Ground out 3-1 (Groundball, 34S, EV 83.8 MPH)
Bottom of the 8th over - 4 runs, 3 hits, 1 error, 2 left on base; University of Maine 0 - University of Nebraska 5
TOP OF THE 9TH
University of Maine Black Bears batting - Pitching for University of Nebraska Cornhuskers : RHP Santos Arevalo
Batting: RHB Wang Huan 0-0: Ball
1-0: Foul Ball, location: 2F
1-1: Called Strike
1-2: Ball
2-2: Foul Ball, location: 2F
2-2: Strikes out swinging
Batting: RHB Bryan Douglas 0-0: Foul Ball, location: 2F
0-1: Fly out, F8 (Flyball, 8LM, EV 91.9 MPH)
Pinch Hitting: SHB Ron Handford 0-0: Called Strike
0-1: Ball
1-1: Ball
2-1: Called Strike
2-2: Foul Ball, location: 2F
2-2: Ground out 3-1 (Groundball, 34, EV 86.9 MPH)
Top of the 9th over - 0 runs, 0 hits, 0 errors, 0 left on base; University of Maine 0 - University of Nebraska 5
Thursday, December 15th , 2022 - OOTP Baseball 23.9 Build 102